 Dungeon Crawl Stone Soup version 0.28.0-45-g0d030f2227 (webtiles) character file.

Game seed: 7693959020771645726

45 sking99 the Sneak (level 3, 0/16 HPs)
             Began as a Spriggan Enchanter on May 23, 2022.
             Slain by Crazy Yiuf
             ... wielding a +4 quarterstaff of chaos
              (16 damage)
             ... on level 2 of the Dungeon.
             The game lasted 00:04:58 (2170 turns).

sking99 the Sneak (Spriggan Enchanter)              Turns: 2170, Time: 00:05:00

Health: 0/16       AC:  2    Str:  6    XL:     3   Next: 42%
Magic:  6/8        EV: 17    Int: 16    God:
Gold:   65         SH:  0    Dex: 15    Spells: 2/7 levels left

rFire   . . .      SeeInvis +   a - +1 dagger
rCold   . . .      Faith    .   (no shield)
rNeg    . . .      Spirit   .   b - +0 robe
rPois   .          Reflect  .   (helmet restricted)
rElec   .          Harm     .   (no cloak)
rCorr   .          Rampage  .   (gloves unavailable)
Will    .....                   (boots unavailable)
Stlth   +++.......              (no amulet)
HPRegen 0.05/turn               (no ring)
MPRegen 0.11/turn               (no ring)

@: very quick
A: very small, no large weapons, unfitting armour, see invisible, speed 3
a: no special abilities


You were on level 2 of the Dungeon.
You visited 1 branch of the dungeon, and saw 2 of its levels.

You collected 65 gold pieces.

Inventory:

Hand Weapons
 a - a +1 dagger (weapon)
Armour
 b - a +0 robe (worn)
Scrolls
 d - a scroll of blinking {unknown}
 e - a scroll of identify {unknown}
 g - a scroll of vulnerability {unknown}
Potions
 c - a potion of invisibility
 f - a potion of degeneration {unknown}
 h - a potion of haste {unknown}


   Skills:
 + Level 0.2 Fighting
 * Level 2.4 Short Blades
 - Level 3.0 Dodging
 + Level 4.9 Stealth
 + Level 2.7 Spellcasting
 + Level 4.0 Hexes
 + Level 0.3 Ice Magic


You had 2 spell levels left.
You knew the following spells:

 Your Spells              Type           Power      Damage    Failure   Level
a - Ensorcelled Hibernat  Hex/Ice        18%        N/A       12%         2
b - Confusing Touch       Hex            15%        N/A       11%         3

Your spell library contained the following spells:

 Spells                   Type           Power      Damage    Failure   Level
 Tukima's Dance           Hex            15%        N/A       11%         3
 Dazzling Flash           Conj/Hex       16%        N/A       26%         3
 Frozen Ramparts          Ice            6%         1d2       45%         3
 Ice Form                 Ice/Tmut       2%         N/A       87%         4
 Summon Ice Beast         Ice/Summ       2%         N/A       87%         4


Dungeon Overview and Level Annotations

Branches:
Dungeon (2/15)

Altars:

Shops:
D:1 (

Annotations:
D:2 Crazy Yiuf, Robin


Innate Abilities, Weirdness & Mutations

You are very small and have problems with some larger weapons.
You are too small for most types of armour.
You have supernaturally acute eyesight. (SInv)
You cover ground extremely quickly. (Speed+++)


Message History

The bat looks drowsy...
The helpless bat fails to defend itself.
You impale the bat!!
You kill the bat!
You start resting.
HP restored.
Magic restored.
You see here a bat corpse.
Found 19 stones.
You see here 22 sling bullets.
Found a whip.
You see here a +0 whip.
You see here a +0 whip.
You see here 22 sling bullets.
Found 19 sling bullets.
Found a short sword.
You see here a +0 short sword.
Found a mace.
Found two maces.
You see here a +0 mace.
Found six maces and an ichor-stained mace.
Found a runed translucent door.
You see here a +0 mace.
Found a mace.
You see here a +0 mace.
You see here a +0 mace.
Found three maces.
You see here a +0 mace.
As you open the door, it creaks loudly!
Crazy Yiuf shouts!
Crazy Yiuf says, "Race!"
Crazy Yiuf sings, "Trees, trees, trees, circus!"
Casting: Ensorcelled Hibernation (safe; 12% risk of failure)
Confirm with . or Enter, or press ? or * to list all spells.
Aiming: Ensorcelled Hibernation (safe; 12% risk of failure)
Press: ? - help, Shift-Dir - straight line, f - Crazy Yiuf
Aim: Crazy Yiuf, wielding a +4 quarterstaff of chaos and wearing a +1 cloak of stealth (chance to affect: 51%) Crazy Yiuf resists with some effort.
Crazy Yiuf hits you with a +4 quarterstaff of chaos!
Ouch! That really hurt!
You die...

##..#####.#
### #....#
#.# #..
♣....♣ #.#
#(# ♣)..♣♣
#.#######.#
♣♣)♣♣
#......##.#
♣)♣♣
##.###.##.#
♣♣)♣
#....#.##.##
♣)♣♣
##.#........
♣♣@♣
#.....###.#
#g# #######
#.# ))) ###
#.# #)))#
##.#####.#
#).)#
###)#.##....
#####
#..###.(....
#.## ##..#..
### ####
##.##. #.#
#..##
##.....


You could see Crazy Yiuf.

Vanquished Creatures
  A gnoll (D:1)
  An adder (D:2)
  4 bats
  3 endoplasms (D:1)
  3 giant cockroaches (D:1)
  3 hobgoblins
  3 ball pythons
  A frilled lizard (D:1)
  2 goblins (D:1)
  3 kobolds
  A rat (D:2)
25 creatures vanquished.

Vanquished Creatures (others)
  7 toadstools (D:1)
7 creatures vanquished.

Grand Total: 32 creatures vanquished

Notes
Turn   | Place    | Note
-------+----------+-------------------------------------------
     0 | D:1      | sking99 the Spriggan Enchanter began the quest for the Orb.
     0 | D:1      | Reached XP level 1. HP: 9/9 MP: 5/5
   364 | D:1      | Found Zunior's Weapon Shop.
   626 | D:1      | Reached XP level 2. HP: 13/13 MP: 6/6
   744 | D:1      | Learned a level 2 spell: Ensorcelled Hibernation
  1370 | D:1      | Reached XP level 3. HP: 16/16 MP: 2/8
  1457 | D:2      | Learned a level 3 spell: Confusing Touch
  1727 | D:2      | Noticed Robin
  2163 | D:2      | Found a runed translucent door.
  2164 | D:2      | Noticed Crazy Yiuf
  2170 | D:2      | Slain by Crazy Yiuf

Illustrated notes

Levels and vault maps discovered:
D:1:      nagdon_arrival_double_spiral, layout_basic, serial_shops,
          nicolae_shop_bloodbath_and_beyond
D:2:      layout_loops_cross, uniq_robin, uniq_crazy_yiuf_cottage

Skill      XL: |  1  2  3 |
---------------+----------+-----
Dodging        | 3 |  3.0
Short Blades   | 2 |  2.4
Hexes          | 4 |  4.0
Fighting       | |  0.2
Stealth        | |  4.9
Spellcasting   | |  2.7
Ice Magic      | |  0.3

Action                   || total
-------------------------++-------
Melee: Dagger            ||    45
 Cast: Ensorcelled Hiber ||    22
 Stab: Sleeping          ||    19
Armor: Robe              ||     4
Dodge: Dodged            ||    32
